 Dungeon Crawl Stone Soup version 0.19.1-1-g22dce08 (webtiles) character file.

19063 Alarkh the Lord of Darkness (level 12, -1/81 HPs)
             Began as a Mummy Necromancer on Jan 2, 2017.
             Was the Champion of Kikubaaqudgha.
             Slain by an ice devil (11 damage)
             ... in an ice cave.
             The game lasted 00:26:33 (11476 turns).

Alarkh the Lord of Darkness (Mummy Necromancer)    Turns: 11476, Time: 00:26:34

Health: -1/81      AC: 15    Str: 11    XL:     12   Next: 33%
Magic:  27/27      EV: 13    Int: 23    God:    Kikubaaqudgha [******]
Gold:   864        SH:  3    Dex: 13    Spells: 8 memorised, 5 levels left

rFire  x . .     SeeInvis .     F - +7 war axe of Voanwyat {speed, Int+4}
rCold  + . .     Gourm    .     c - +4 troll leather armour
rNeg   + + +     Faith    .     (no shield)
rPois  ∞         Spirit   .     (no helmet)
rElec  .         Reflect  +     n - +2 cloak
rCorr  .         Harm     .     (no gloves)
MR     +....                    I - +1 pair of boots
Stlth  +++.......               Q - +3 amulet of reflection
                                k - ring of stealth
                                d - +2 ring of protection

@: repel missiles
A: no food or potions, fire vulnerability, cold resistance 1, negative energy
resistance 3, torment resistance, unbreathing
a: Receive Corpses, Torment, Renounce Religion


You were in an ice cave.
You worshipped Kikubaaqudgha.
Kikubaaqudgha was exalted by your worship.
You were not hungry.

You visited 3 branches of the dungeon, and saw 16 of its levels.
You also visited: Ossuary and Ice Cave.

You collected 864 gold pieces.

Inventory:

Hand Weapons
 a - a +2 whip of electrocution
 b - a +2 whip of flaming
 t - a +0 quarterstaff
 z - the +5 dagger "Roeli" {freeze, *Contam rC++ Int+2}
   (You found it on level 5 of the Dungeon)

   It has been specially enchanted to freeze those struck by it, causing extra
   injury to most foes and up to half again as much damage against particularly
   susceptible opponents.
   It can also slow down cold-blooded creatures.
   It affects your intelligence (+2).
   It greatly protects you from cold.
   It causes magical contamination when unequipped.
 F - the +7 war axe of Voanwyat (weapon) {speed, Int+4}
   (You found it on level 9 of the Dungeon)

   Attacks with this weapon are significantly faster.
   It affects your intelligence (+4).
Armour
 c - a +4 troll leather armour (worn)
 n - a +2 cloak (worn)
 v - a +0 buckler
 I - a +1 pair of boots (worn)
 J - a +0 troll leather armour
Jewellery
 d - a +2 ring of protection (left hand)
 h - an uncursed ring of protection from fire
 i - an uncursed ring of see invisible
 k - a ring of stealth (right hand)
 s - an uncursed amulet of regeneration
 Q - a +3 amulet of reflection (around neck)
Wands
 o - a wand of slowing (6/48)
 x - a wand of random effects (8/48)
 C - a wand of confusion (24/48)
 D - a wand of iceblast (4/15)
 G - a wand of flame (28/48)
Scrolls
 e - a scroll of identify
 f - 2 scrolls of magic mapping
 g - 4 scrolls of amnesia
 j - 2 scrolls of noise
 l - a scroll of fog
 m - 2 scrolls of remove curse
 p - 2 scrolls of blinking
 r - 3 scrolls of immolation
 w - a scroll of recharging
 H - 5 scrolls of teleportation
 M - a scroll of torment
 O - 3 scrolls of random uselessness
 P - 2 scrolls of silence
Books
 q - Kikubaaqudgha's Guide on Unholy Magic
   (Kikubaaqudgha gifted it to you on level 2 of the Dungeon)

   Spells                             Type                      Level
   a - Animate Skeleton               Necromancy                   1
   b - Pain                           Necromancy                   1
   c - Corpse Rot                     Necromancy                   2
   d - Vampiric Draining              Necromancy                   3
   e - Control Undead                 Necromancy                   4
 y - Kikubaaqudgha's Catalogue of Black Secrets
   (Kikubaaqudgha gifted it to you on level 3 of the Dungeon)

   Spells                             Type                      Level
   a - Animate Dead                   Necromancy                   4
   b - Excruciating Wounds            Charms/Necromancy            5
   c - Cigotuvi's Embrace             Necromancy                   5
   d - Dispel Undead                  Necromancy                   5
   e - Death Channel                  Necromancy                   6
 A - a book of Minor Magic

   Spells                             Type                      Level
   a - Magic Dart                     Conjuration                  1
   b - Blink                          Translocation                2
   c - Call Imp                       Summoning                    2
   d - Repel Missiles                 Charms/Air                   2
   e - Slow                           Hexes                        2
   f - Conjure Flame                  Conjuration/Fire             3
   g - Mephitic Cloud                 Conjuration/Poison/Air       3
 B - a book of Changes

   Spells                             Type                      Level
   a - Beastly Appendage              Transmutation                1
   b - Sticks to Snakes               Transmutation                2
   c - Spider Form                    Transmutation/Poison         3
   d - Ice Form                       Ice/Transmutation            4
   e - Blade Hands                    Transmutation                5
 E - a book of Necromancy

   Spells                             Type                      Level
   a - Pain                           Necromancy                   1
   b - Animate Skeleton               Necromancy                   1
   c - Vampiric Draining              Necromancy                   3
   d - Regeneration                   Charms/Necromancy            3
   e - Animate Dead                   Necromancy                   4
   f - Control Undead                 Necromancy                   4
 K - a Necronomicon

   Spells                             Type                      Level
   a - Haunt                          Necromancy/Summoning         7
   b - Borgnjor's Revivification      Necromancy                   8
   c - Death's Door                   Charms/Necromancy            8
   d - Infestation                    Necromancy                   8
   e - Necromutation                  Transmutation/Necromancy     8
 L - a book of Misfortune

   Spells                             Type                      Level
   a - Confusing Touch                Hexes                        1
   b - Confuse                        Hexes                        3
   c - Gell's Gravitas                Hexes/Translocation          3
   d - Petrify                        Transmutation/Earth          4
   e - Metabolic Englaciation         Hexes/Ice                    5
   f - Yara's Violent Unravelling     Hexes/Transmutation          5
 N - a book of Conjurations

   Spells                             Type                      Level
   a - Magic Dart                     Conjuration                  1
   b - Searing Ray                    Conjuration                  2
   c - Dazzling Spray                 Conjuration/Hexes            3
   d - Fulminant Prism                Conjuration/Hexes            4
   e - Iskenderun's Mystic Blast      Conjuration                  4
   f - Iskenderun's Battlesphere      Conjuration/Charms           5


   Skills:
 + Level 3.0 Fighting
 * Level 5.4 Axes
 + Level 2.0 Armour
 + Level 3.2 Dodging
 - Level 1.5 Stealth
 + Level 11.9 Spellcasting
 + Level 3.6 Summonings
 + Level 13.0 Necromancy


You had 5 spell levels left.
You knew the following spells:

 Your Spells              Type           Power        Failure   Level  Hunger
a - Vampiric Draining     Necr           ######....   1%          3    N/A
b - Blink                 Tloc           N/A          12%         2    N/A
c - Control Undead        Necr           ######....   1%          4    N/A
d - Repel Missiles        Chrm/Air       ##....       12%         2    N/A
e - Pain                  Necr           ####         1%          1    N/A
f - Excruciating Wounds   Chrm/Necr      #####.....   14%         5    N/A
r - Dispel Undead         Necr           ######..     1%          5    N/A
z - Haunt                 Necr/Summ      ######....   99%         7    N/A

Dungeon Overview and Level Annotations

Branches:
Dungeon (11/15)            Temple (1/1) D:5            Lair (4/6) D:11
  Swamp (0/4) Lair:4        Snake (0/4) Lair:4          Orc (0/2) D:11

Altars:
Ashenzari
Cheibriados
Dithmenos
Elyvilon
Fedhas
Gozag
Hepliaklqana
Kikubaaqudgha
Makhleb
Nemelex Xobeh
Okawaru
Qazlal
Ru
Sif Muna
Trog
Uskayaw
Vehumet
Xom
Yredelemnul
Zin
The Shining One

Annotations:
IceCv exclusion: 2 ice statues


Innate Abilities, Weirdness & Mutations

You do not eat or drink.
Your flesh is vulnerable to fire.
You are immune to poison.
Your flesh is cold resistant. (rC+)
You are immune to negative energy. (rN+++)
You are immune to unholy pain and torment.
You can survive without breathing.


Message History

You hit the ice devil.
The ice devil is lightly wounded.
You closely miss the ice devil. The ice devil barely misses you. x2
You closely miss the ice devil.
The ice devil is lightly wounded.
You hit the ice devil.
The ice devil hits you but does no damage.
You slash the ice devil!
The ice devil is moderately wounded.
You hit the ice devil but do no damage. The ice devil hits you.
The ice devil freezes you! You resist.
* * * LOW HITPOINT WARNING * * *
The ice devil closely misses you.
You hit the ice devil but do no damage.
The ice devil is moderately wounded.
You hit the ice devil. The ice devil hits you!
* * * LOW HITPOINT WARNING * * *
The ice devil freezes you! You resist.
You die...
Kikubaaqudgha rasps: "You have failed me!
Welcome... oblivion!"

##...#
##...#
#...##
##...##
##.....##
#...∩...#
#...∩...#
##.44..##
##@..##
#####


You could see 2 ice devils.

Vanquished Creatures
  2 death yaks
  The ghost of crawlian the Arsonist, a novice DEFE of Sif Muna (Lair:2)
  Pikel (D:7)
  An ugly thing (D:11)
  A manticore (D:11)
  A black mamba (Lair:1)
  Maurice (D:8)
  A torpor snail (Lair:3)
  Psyche (D:9)
  5 spiny frogs
  3 komodo dragons
  2 polar bears
  4 trolls
  A blink frog (Lair:4)
  A hornet (D:9)
  4 hippogriffs
  Sigmund (D:6)
  A shadow (D:11)
  A wyvern (D:9)
  14 yaks
  A basilisk (D:8)
  4 water moccasins
  4 orc warriors
  4 sky beasts
  3 porcupines
  2 black bears
  2 ice beasts
  6 ogres
  3 centaurs
  6 wolves (Lair:1)
  4 crocodiles
  9 bullfrogs
  A big kobold (D:11)
  A wyvern zombie (D:11)
  3 scorpions
  5 killer bees (D:10)
  The ghost of Adolfin the Skirmisher, a weakling DsMo (D:3)
  9 wights (D:6)
  An electric eel (Lair:2)
  3 howler monkeys
  3 crimson imps
  A bullfrog zombie (D:10)
  A human zombie (Ossuary)
  7 centaur zombies
  6 orc priests
  10 hounds
  2 centaur skeletons
  A jelly (D:5)
  14 orc wizards
  2 bullfrog skeletons (D:7)
  4 iguanas
  7 worker ants
  Natasha (thrice) (D:4)
  A big kobold zombie (Ossuary)
  3 mummies
  2 worker ant zombies
  7 gnolls
  2 howler monkey skeletons
  13 adders
  4 river rats (D:11)
  5 shadow imps
  4 oozes
  3 adder skeletons
  3 adder zombies (Ossuary)
  2 worms
  A dart slug (D:3)
  A leopard gecko (D:4)
  47 orcs
  4 giant cockroaches
  9 goblins
  4 hobgoblins
  6 jackals (D:2)
  3 quokkas
  4 ball pythons
  22 bats
  6 frilled lizards
  2 goblin zombies (Ossuary)
  9 hobgoblin zombies
  12 kobolds
  11 kobold zombies (Ossuary)
  8 orc zombies
  2 quokka zombies
  10 rats
  2 fungi (D:11)
392 creatures vanquished.

Notes
Turn   | Place    | Note
-------+----------+-------------------------------------------
     0 | D:1      | Alarkh the Mummy Necromancer began the quest for the Orb.
     0 | D:1      | Reached XP level 1. HP: 13/13 MP: 3/3
   226 | D:1      | Reached XP level 2. HP: 19/19 MP: 1/5
   677 | D:2      | Reached XP level 3. HP: 24/24 MP: 5/7
   682 | D:2      | Learned a level 3 spell: Vampiric Draining
   947 | D:2      | Reached XP level 4. HP: 24/30 MP: 1/8
  1036 | D:2      | Found a faded altar of an unknown god.
  1036 | D:2      | Found a shattered altar of Ashenzari.
  1041 | D:2      | Found a faded altar of an unknown god.
  1043 | D:2      | Found a faded altar of an unknown god.
  1044 | D:2      | Found a faded altar of an unknown god.
  1110 | D:2      | Became a worshipper of Kikubaaqudgha
  1110 | D:2      | Reached * piety under Kikubaaqudgha
  1110 | D:2      | Identified Kikubaaqudgha's Guide on Unholy Magic (Kikubaaqudgha gifted it to you on level 2 of the Dungeon)
  1110 | D:2      | Received a gift from Kikubaaqudgha
  1579 | D:3      | Noticed Adolfin's ghost (weakling DsMo)
  1668 | D:3      | Found a hide-covered altar of Uskayaw.
  1669 | D:3      | Found a stormy altar of Qazlal.
  1672 | D:3      | Found a bloodstained altar of Trog.
  1771 | D:4      | Reached skill level 5 in Necromancy
  1776 | D:4      | Noticed an ogre
  1783 | D:4      | Learned a level 4 spell: Control Undead
  1819 | D:4      | Reached XP level 5. HP: 29/35 MP: 5/10
  1915 | D:4      | Noticed an ogre
  1995 | D:4      | Found a sand-covered staircase.
  2016 | Ossuary  | Entered an ossuary
  2075 | Ossuary  | Reached ** piety under Kikubaaqudgha
  2242 | Ossuary  | Reached XP level 6. HP: 24/41 MP: 12/12
  2288 | Ossuary  | Reached skill level 6 in Necromancy
  2401 | D:4      | Reached skill level 5 in Spellcasting
  2519 | D:3      | Reached *** piety under Kikubaaqudgha
  2519 | D:3      | Identified Kikubaaqudgha's Catalogue of Black Secrets (Kikubaaqudgha gifted it to you on level 3 of the Dungeon)
  2519 | D:3      | Received a gift from Kikubaaqudgha
  2527 | D:3      | Learned a level 5 spell: Dispel Undead
  2581 | D:3      | Killed Adolfin's ghost
  2745 | D:3      | You fall through a shaft!
  2772 | D:4      | Noticed Natasha
  2812 | D:4      | Killed Natasha
  2812 | D:4      | Reached XP level 7. HP: 33/46 MP: 7/14
  2912 | D:4      | Reached skill level 7 in Necromancy
  2982 | D:4      | Noticed Natasha
  2992 | D:4      | Killed Natasha
  3144 | D:4      | HP: 2/46 [ogre/giant club (29)]
  3198 | D:4      | Noticed Natasha
  3202 | D:4      | Killed Natasha
  3276 | D:4      | Reached XP level 8. HP: 40/52 MP: 17/17
  3314 | D:4      | Found an ancient bone altar of Kikubaaqudgha.
  3337 | D:5      | Entered Level 5 of the Dungeon
  3376 | D:5      | Found a staircase to the Ecumenical Temple.
  3385 | Temple   | Entered the Ecumenical Temple
  3781 | D:5      | Reached skill level 8 in Necromancy
  3798 | D:5      | Reached **** piety under Kikubaaqudgha
  3947 | D:5      | Got a brightly glowing dagger
  3948 | D:5      | Identified the +5 dagger "Roeli" {freeze, *Contam rC++ Int+2} (You found it on level 5 of the Dungeon)
  4369 | D:6      | Found an iron altar of Okawaru.
  4401 | D:6      | Noticed Sigmund
  4415 | D:6      | Killed Sigmund
  4415 | D:6      | Reached skill level 9 in Necromancy
  4481 | D:6      | Reached XP level 9. HP: 57/57 MP: 18/21
  4505 | D:6      | Learned a level 2 spell: Blink
  4516 | D:6      | Learned a level 2 spell: Repel Missiles
  4794 | D:6      | Reached ***** piety under Kikubaaqudgha
  5305 | D:7      | Reached skill level 10 in Necromancy
  5843 | D:7      | Noticed Pikel
  5860 | D:7      | Killed Pikel
  5860 | D:7      | Reached XP level 10. HP: 32/63 MP: 16/23
  5889 | D:7      | Got a scorched war axe
  5890 | D:7      | Identified the cursed +1 war axe of Wyrd {flame, MP+9} (You found it on level 7 of the Dungeon)
  5892 | D:7      | Found a burning altar of Makhleb.
  5998 | D:8      | Found an opulent altar of Gozag.
  6016 | D:8      | Reached skill level 11 in Necromancy
  6044 | D:8      | Noticed Maurice
  6102 | D:8      | Killed Maurice
  6102 | D:8      | Reached skill level 10 in Spellcasting
  6384 | D:8      | Found a radiant altar of Vehumet.
  6476 | D:8      | Found a white marble altar of Elyvilon.
  6489 | D:8      | Learned a level 5 spell: Excruciating Wounds
  6739 | D:9      | Got a slimy war axe
  6740 | D:9      | Identified the +7 war axe of Voanwyat {speed, Int+4} (You found it on level 9 of the Dungeon)
  6823 | D:9      | Found a glowing silver altar of Zin.
  6958 | D:9      | Reached skill level 12 in Necromancy
  7047 | D:10     | Entered Level 10 of the Dungeon
  7121 | D:10     | Noticed Psyche
  7153 | D:10     | Reached skill level 1 in Axes
  7257 | D:9      | Paralysed by Psyche for 4 turns
  7268 | D:9      | Killed Psyche
  7268 | D:9      | Reached XP level 11. HP: 56/68 MP: 26/26
  7690 | D:10     | Reached ****** piety under Kikubaaqudgha
  7739 | D:10     | Received a gift from Kikubaaqudgha
  7749 | D:10     | Learned a level 7 spell: Haunt
  7907 | D:11     | Reached skill level 1 in Summonings
  8469 | D:11     | Found a staircase to the Orcish Mines.
  8475 | D:11     | Noticed a purple ugly thing
  8493 | D:11     | Killed a purple ugly thing
  8555 | D:11     | Found a staircase to the Lair.
  8949 | Lair:1   | Entered Level 1 of the Lair of Beasts
  9132 | Lair:1   | Reached skill level 1 in Fighting
  9536 | Lair:2   | Reached skill level 1 in Armour
  9571 | Lair:2   | Noticed crawlian's ghost (novice DEFE)
  9609 | Lair:2   | Killed crawlian's ghost
  9782 | Lair:2   | Reached XP level 12. HP: 49/79 MP: 20/27
 10598 | Lair:3   | Reached skill level 5 in Axes
 10610 | Lair:3   | Noticed a death yak
 10610 | Lair:3   | Noticed a death yak
 10644 | Lair:3   | Killed a death yak
 10744 | Lair:2   | Killed a death yak
 10986 | Lair:3   | Reached skill level 13 in Necromancy
 11332 | Lair:4   | Found a staircase to the Swamp.
 11398 | Lair:4   | Found a frozen archway.
 11403 | IceCv    | Entered an ice cave
 11476 | IceCv    | Slain by an ice devil

Skill      XL: |  1  2  3  4  5  6  7  8  9 10 11 12 |
---------------+-------------------------------------+-----
Spellcasting   | 3 4 5 6 8 9 11 | 11.9
Necromancy     | 5 6 7 9 10 12 13 | 13.0
Axes           | 1 4 5 |  5.4
Summonings     | 3 |  3.6
Dodging        | 2 3 |  3.2
Fighting       | 2 3 |  3.0
Armour         | 1 2 |  2.0
Stealth        | |  1.5

Action                   |  1- 3 |  4- 6 |  7- 9 | 10-12 || total
-------------------------+-------+-------+-------+-------++-------
Melee: Mace              |    91 |    18 |       |       ||   109
       Unarmed           |     1 |       |       |       ||     1
       Whip              |       |   224 |   376 |   111 ||   711
       Dagger            |       |       |   126 |       ||   126
       War axe           |       |       |       |   578 ||   578
 Cast: Pain              |    41 |    40 |     9 |    10 ||   100
       Vampiric Draining |       |     4 |    33 |   102 ||   139
       Repel Missiles    |       |       |     2 |       ||     2
       Blink             |       |       |     1 |       ||     1
       Excruciating Woun |       |       |       |     1 ||     1
Invok: Receive Necronomi |       |       |       |     1 ||     1
  Use: Scroll            |     4 |     3 |     6 |    15 ||    28
 Stab: Sleeping          |     1 |     3 |    12 |    18 ||    34
       Distracted        |       |     2 |       |     2 ||     4
Armor: Troll leather arm |    60 |   101 |   188 |   369 ||   718
       Robe              |     1 |       |       |       ||     1
Dodge: Dodged            |   104 |   139 |   279 |   448 ||   970
       Deflected         |       |       |     1 |     3 ||     4
Block: Other             |       |       |       |    13 ||    13
